 Dungeon Crawl Stone Soup version 0.31-a0-345-g1ebeae05c6 (webtiles) character file.

Game seed: 2844304474717113285

201 Newt the Skirmisher (level 6, -2/38 HPs)
             Began as a Kobold Hunter on July 22, 2023.
             Slain by a sky beast (5 damage)
             ... on level 4 of the Dungeon.
             The game lasted 00:02:25 (2452 turns).

Newt the Skirmisher (Kobold Hunter)                 Turns: 2452, Time: 00:02:25

Health: -2/38      AC:  3    Str:  8    XL:     6   Next: 7%
Magic:  6/6        EV: 14    Int: 10    God:
Gold:   137        SH:  0    Dex: 21    Spells: 5/5 levels left

rFire   . . .        a - +0 shortbow
rCold   . . .        (shield currently unavailable)
rNeg    . . .        c - +0 leather armour
rPois   .            (no helmet)
rElec   .            (no cloak)
rCorr   .            (no gloves)
SInv    .            (no boots)
Will    .....        g - amulet of regeneration
Stlth   ++           (no ring)
HPRegen 1.06/turn    (no ring)
MPRegen 0.10/turn

%: no passive effects
@: invisible, very slow
A: small, no large weapons, nightstalker 3
a: no special abilities


You were on level 4 of the Dungeon.
You visited 1 branch of the dungeon, and saw 4 of its levels.

You collected 137 gold pieces.

Inventory:

Hand Weapons
 a - a +0 shortbow (weapon)
Missiles
 d - a throwing net
Armour
 c - a +0 leather armour (worn)
Jewellery
 g - an amulet of regeneration (around neck)
Scrolls
 b - a scroll of butterflies
 f - a scroll of teleportation
 k - a scroll of fog
Potions
 i - a potion of cancellation {unknown}


   Skills:
 - Level 4.0 Fighting
 + Level 8.0 Ranged Weapons
 - Level 2.4 Dodging
 - Level 1.3 Stealth


You had 5 spell levels left.
You didn't know any spells.
Your spell library contained the following spells:

 Spells                   Type           Power      Damage    Failure   Level
 Cigotuvi's Dreadful Rot  Necr/Pois/Air  0%         N/A       63%         2
 Ignite Poison            Fire/Tmut/Pois 0%         N/A       86%         3
 Freezing Cloud           Conj/Ice/Air   0%         6-21      100%        5


Dungeon Overview and Level Annotations

Branches:
Dungeon (4/15)
 Temple: D:4-7

Altars:
Xom

Shops:
D:2 =   D:4 (


Innate Abilities, Weirdness & Mutations

You are small and have problems with some larger weapons.
You are completely attuned to the shadows.


Message History

Your Ranged Weapons skill increases to level 8!
You have reached level 6!
You are too injured to fight recklessly!
You shoot an arrow. Something hits you but does no damage.
You shoot an arrow. Something barely misses you.
You shoot an arrow. Something hits you. Something shocks you.
You shoot an arrow. Something hits you. Something shocks you.
* * * LOW HITPOINT WARNING * * *
A sky beast appears from thin air!
Reactivating autopickup.
The sky beast barely misses you.
You shoot an arrow. The arrow closely misses the sky beast.
The sky beast hits you but does no damage.
The rain has left you waist-deep in water!
Splash!
You fall into the shallow water.
Moving in this stuff is going to be slow.
You shoot an arrow. The arrow barely misses the sky beast.
The sky beast hits you.
* * * LOW HITPOINT WARNING * * *
The sky beast shocks you.
* * * LOW HITPOINT WARNING * * *
You feel better. The sky beast misses you.
You shoot an arrow. The arrow hits the sky beast!
The sky beast is severely wounded.
The sky beast barely misses you.
You shoot an arrow. The arrow closely misses the sky beast.
The sky beast flickers out of sight!
Deactivating autopickup; reactivate with Ctrl-A.
Something barely misses you.
You shoot an arrow. Something hits you.
* * * LOW HITPOINT WARNING * * *
Something shocks you.
* * * LOW HITPOINT WARNING * * *
It was a potion of invisibility.
You fade into invisibility!
Something hits you.
* * * LOW HITPOINT WARNING * * *
Something shocks you.
You die...

##..........##
.............#
........##....#
.............###
#.#...#..#...#
#..#.#...#...#
.##...∩...######
.....#{#..#
...#.@.#..#
#........#
##...)....
##.......
##......##
#........
##......
##......
#.......


There were no monsters in sight!

Vanquished Creatures
  A scorpion (D:4)
  7 adders
  2 worms (D:3)
  2 dart slugs
  An orc (D:4)
  4 ball pythons
  5 bats
  3 endoplasms (D:2)
  2 giant cockroaches
  3 goblins
  5 hobgoblins
  9 jackals
  8 kobolds
  2 quokkas (D:1)
  4 frilled lizards
  7 rats
65 creatures vanquished.

Notes
Turn   | Place    | Note
-------+----------+-------------------------------------------
     0 | D:1      | Newt the Kobold Hunter began the quest for the Orb.
     0 | D:1      | Reached XP level 1. HP: 12/12 MP: 1/1
   126 | D:1      | Reached XP level 2. HP: 18/18 MP: 2/2
   176 | D:1      | Found a faded altar of an unknown god.
   480 | D:1      | Reached XP level 3. HP: 20/23 MP: 3/3
  1157 | D:2      | Reached XP level 4. HP: 29/29 MP: 4/4
  1347 | D:2      | Found Pemuut's Jewellery Shoppe.
  1386 | D:2      | Reached skill level 6 in Ranged Weapons
  1726 | D:3      | Reached XP level 5. HP: 33/33 MP: 5/5
  1912 | D:3      | Reached skill level 7 in Ranged Weapons
  2302 | D:3      | Found a shimmering altar of Xom.
  2386 | D:4      | Found Zyonnawn's Antique Weapon Shoppe.
  2411 | D:4      | Noticed a sky beast
  2442 | D:4      | Reached skill level 8 in Ranged Weapons
  2442 | D:4      | Reached XP level 6. HP: 17/38 MP: 6/6
  2447 | D:4      | HP: 1/38 [sky beast (5)]
  2452 | D:4      | Slain by a sky beast

Illustrated notes

Levels and vault maps discovered:
D:1:      minmay_arrival_four_houses, layout_rooms,
          shapermc_ecumenical_altar_flowoftime, dreamdust_princess_bridge,
          minmay_misc_feat_rugged, serial_bayou_ford_a, kennysheep_another_room
D:2:      layout_rooms, serial_shops, shop
D:3:      layout_basic, mainiacjoe_overflow_boulevard, minivault_19,
          nicolae_half_adder
D:4:      layout_cave_pools, overflow_temple_1_default, serial_shops,
          nicolae_shop_advertising_works [nicolae_subvault_shop_adworks],
          nicolae_shop_tiny_waterfront, nicolae_shop_trees

Skill      XL: |  1  2  3  4  5 |
---------------+----------------+-----
Fighting       | 3 4 |  4.0
Ranged Weapons | 6 8 |  8.0
Dodging        | |  2.4
Stealth        | |  1.3

Action                     |  1- 3 |  4- 6 || total
---------------------------+-------+-------++-------
   Fire: Shortbow          |    81 |   129 ||   210
    Use: Scroll            |     2 |     5 ||     7
         Potion            |       |     3 ||     3
 Armour: Leather armour    |    21 |    12 ||    33
  Dodge: Dodged            |    50 |    51 ||   101

Table legend: (Time is in decaauts)
 A = Elapsed time spent in this place.
 B = Non-inter-level travel time spent in this place.
 C = Inter-level travel time spent in this place.
 D = Time resting spent in this place.
 E = Time spent auto-exploring this place.
 F = Levels seen in this place.
 G = Mean time per level.
                   A        B        C        D        E       F      G
               +--------+--------+--------+--------+--------+-----+--------+
         Total |   2494 |   2428 |     66 |    163 |   1896 |   4 |  623.5 |
       Dungeon |   2494 |   2428 |     66 |    163 |   1896 |   4 |  623.5 |
               +--------+--------+--------+--------+--------+-----+--------+

Top non-repeatable levels by time:
     D:1: 843 daAuts
     D:2: 829 daAuts
     D:3: 737 daAuts
     D:4: 84 daAuts
